 Dungeon Crawl Stone Soup version 0.29.1-15-g9cfb28693d (webtiles) character file.

Game seed: 11984096233116688014

1573 H0rd4k the Trooper (level 8, 0/57 HPs)
             Began as an Octopode Artificer on Mar 1, 2023.
             Slain by a white imp (4 damage)
             ... on level 5 of the Dungeon.
             The game lasted 00:05:38 (4838 turns).

H0rd4k the Trooper (Octopode Artificer)             Turns: 4838, Time: 00:05:38

Health: 0/57       AC:  1    Str:  9 (12) XL:     8   Next: 90%
Magic:  16/16      EV: 13    Int: 14 (15) God:
Gold:   163        SH:  0    Dex: 11 (12) Spells: 18/18 levels left

rFire   . . .      SeeInvis .     - Unarmed
rCold   . . .      Faith    .   (no shield)
rNeg    . . .      Spirit   .   (helmet restricted)
rPois   +          Reflect  .   (no amulet)
rElec   .          Harm     .   (no ring)
rCorr   .          Rampage  .   (no ring)
Will    .....                   (no ring)
Stlth   +++.......              (no ring)
HPRegen 0.19/turn               (no ring)
MPRegen 0.15/turn               (no ring)
                                (no ring)
                                (no ring)

@: no status effects
A: almost no armour, amphibious, 8 rings, camouflage 1, gelatinous body 1,
(nimble swimmer 1), tentacles, poison resistance
a: no special abilities


You were on level 5 of the Dungeon.
You visited 1 branch of the dungeon, and saw 6 of its levels.

You collected 163 gold pieces.

Inventory:

Missiles
 q - 5 poisoned darts
 w - 6 datura-tipped darts
Jewellery
 s - a ring of protection from fire
Wands
 o - a wand of polymorph (14)
Scrolls
 a - 2 scrolls of enchant weapon {unknown}
 e - 4 scrolls of teleportation {unknown}
 f - a scroll of immolation {unknown}
 g - 8 scrolls of identify {unknown}
 m - 2 scrolls of enchant armour {unknown}
 r - a scroll of blinking {unknown}
 u - a scroll of amnesia {unknown}
 v - a scroll of brand weapon {unknown}
Potions
 b - 2 potions of flight
 k - a potion of heal wounds {unknown}
 l - 2 potions of curing
 n - a potion of degeneration
 p - a potion of magic {unknown}
 t - a potion of brilliance {unknown}


   Skills:
 * Level 6.2 Fighting
 - Level 2.3 Dodging
 - Level 1.3 Stealth
 - Level 5.7 Unarmed Combat
 * Level 5.9 Spellcasting
 - Level 3.2 Evocations


You had 18 spell levels left.
You didn't know any spells.
Your spell library contained the following spells:

 Spells                   Type           Power      Damage    Failure   Level
 Ensorcelled Hibernation  Hex/Ice        8%         N/A       24%         2
 Passwall                 Tmut/Erth      3%         N/A       24%         2
 Sublimation of Blood     Necr           4%         N/A       24%         2
 Inner Flame              Hex/Fire       4%         N/A       43%         3
 Summon Guardian Golem    Hex/Summ       4%         N/A       43%         3
 Swiftness                Air            4%         N/A       43%         3
 Cause Fear               Hex            2%         N/A       85%         4
 Petrify                  Tmut/Erth      4%         N/A       85%         4
 Irradiate                Conj/Tmut      2%         3d12      99%         5
 Conjure Ball Lightning   Conj/Air       2%         3x3d6     100%        6
 Orb of Destruction       Conj           2%         9d5       100%        7
 Spellforged Servitor     Conj/Summ      2%         N/A       100%        7
 Discord                  Hex            2%         N/A       100%        8
 Disjunction              Tloc           2%         N/A       100%        8


Dungeon Overview and Level Annotations

Branches:
Dungeon (6/15)             Temple (0/1) D:5

Altars:
Okawaru
Ru
Sif Muna
The Shining One

Annotations:
D:5 1 runed translucent door, Crazy Yiuf


Innate Abilities, Weirdness & Mutations

You cannot wear most types of armour.
You are amphibious.
You can wear up to eight rings at the same time.
Your skin changes colour to match your surroundings (Stealth+).
Your rubbery body absorbs attacks. (AC +1, EV +1)
((You are camouflaged when in or above water. (Stealth+)))
You have tentacles for arms and can constrict up to eight enemies at once.
Your system is resistant to poisons. (rPois)


Message History

You constrict the gnoll.
You kill the gnoll!
It was a potion of mutation.
You feel extremely strange.
You feel resistant to poisons. The orc hits you with a +0 short sword.
* * * LOW HITPOINT WARNING * * *
It was a potion of haste.
You feel yourself speed up. The orc barely misses you.
The white imp sputters.
Found 2 potions of curing.
Okay, then.
Found a scroll labelled QOETSA NIRIFOP.
Your extra speed is starting to run out.
You feel yourself slow down.
A white imp is nearby!
You closely miss the white imp. You grab the white imp.
You constrict the white imp, but do no damage.
The white imp hits you but does no damage.
You tentacle-slap the white imp.
The white imp is moderately wounded.
You constrict the white imp, but do no damage.
You completely miss the white imp.
The white imp is moderately wounded.
You constrict the white imp. The white imp gestures at you.
The puff of frost hits you!
* * * LOW HITPOINT WARNING * * *
You tentacle-slap the white imp but do no damage.
Your squeeze misses the white imp.
The white imp is heavily wounded.
You constrict the white imp. The white imp gestures at you.
The puff of frost misses you.
You barely miss the white imp. You tentacle-slap the white imp.
The white imp is almost dead.
You constrict the white imp, but do no damage.
The white imp hits you.
* * * LOW HITPOINT WARNING * * *
The white imp freezes you.
You die...

#########
#....@5.#
......####.# .....
#.# .......###.#
.........?.#######
.. ..#.##........#
## .
.......#####.# #.
.#.......# #.# #.
####!.#.# #.# #.


You could see a white imp.

Vanquished Creatures
  Pikel (D:5)
  Prince Ribbit (D:5)
  Sigmund (D:4)
  A black bear (D:4)
  2 ogres
  A necrophage (D:3)
  A scorpion (D:4)
  2 hounds (D:5)
  2 gnoll boudas
  A jelly (D:5)
  Natasha (twice) (D:4)
  6 gnolls
  3 adders
  A worm (D:4)
  A dart slug (D:3)
  2 orcs
  4 bats
  2 endoplasms (D:4)
  3 giant cockroaches
  9 goblins
  3 hobgoblins
  7 jackals
  2 quokkas (D:1)
  3 ball pythons (D:4)
  2 frilled lizards
  9 kobolds
  8 rats
80 creatures vanquished.

Vanquished Creatures (collateral kills)
  A lemure (D:5)
  3 gnolls
  An orc (D:6)
  A kobold (D:4)
  A ball python (D:4)
7 creatures vanquished.

Vanquished Creatures (others)
  A gnoll bouda (D:5)
  2 jellies
  2 gnolls
  2 adders (D:6)
  An orc (D:6)
  2 plants (D:5)
10 creatures vanquished.

Grand Total: 97 creatures vanquished

Notes
Turn   | Place    | Note
-------+----------+-------------------------------------------
     0 | D:1      | H0rd4k the Octopode Artificer began the quest for the Orb.
     0 | D:1      | Reached XP level 1. HP: 13/13 MP: 1/1
    87 | D:1      | Reached skill level 1 in Spellcasting
    87 | D:1      | Reached XP level 2. HP: 10/18 MP: 1/3
   569 | D:1      | Reached XP level 3. HP: 21/24 MP: 3/5
   667 | D:1      | Reached skill level 2 in Fighting
   718 | D:1      | Reached skill level 1 in Unarmed Combat
  1566 | D:2      | You fall into a shaft and drop 1 floor!
  1589 | D:3      | Found a sacrificial altar of Ru.
  1635 | D:3      | Reached XP level 4. HP: 28/29 MP: 6/6
  1917 | D:3      | Noticed a necrophage
  1928 | D:3      | Killed a necrophage
  1929 | D:3      | Reached XP level 5. HP: 12/35 MP: 6/8
  2623 | D:4      | Reached skill level 3 in Fighting
  2732 | D:4      | Reached XP level 6. HP: 42/42 MP: 9/9
  2765 | D:4      | Noticed Natasha
  2881 | D:4      | Noticed Sigmund
  2883 | D:4      | Killed Sigmund
  2968 | D:4      | Reached XP level 7. HP: 46/46 MP: 11/11
  3163 | D:4      | Killed Natasha
  3193 | D:4      | Noticed Natasha
  3196 | D:4      | Killed Natasha
  3317 | D:4      | Reached skill level 5 in Unarmed Combat
  3774 | D:5      | Entered Level 5 of the Dungeon
  3907 | D:5      | Found a runed translucent door.
  3908 | D:5      | Noticed Crazy Yiuf
  4015 | D:5      | Noticed Prince Ribbit
  4016 | D:5      | Reached skill level 4 in Fighting
  4244 | D:5      | Killed Prince Ribbit
  4245 | D:5      | Reached XP level 8. HP: 43/54 MP: 12/14
  4309 | D:5      | Found an iron altar of Okawaru.
  4354 | D:5      | Found a glowing golden altar of the Shining One.
  4490 | D:6      | Found a shimmering blue altar of Sif Muna.
  4519 | D:5      | Noticed Pikel
  4524 | D:5      | Killed Pikel
  4525 | D:5      | Reached skill level 6 in Fighting
  4525 | D:5      | Reached skill level 5 in Spellcasting
  4720 | D:5      | Found a staircase to the Ecumenical Temple.
  4767 | D:5      | Gained mutation: Your system is resistant to poisons.
                  | (rPois) [potion of mutation]
  4838 | D:5      | Slain by a white imp

Illustrated notes

Levels and vault maps discovered:
D:1:      reono_arrival_forest_river, layout_loops_ring
D:2:      layout_loops_corners, minmay_tetromino_i4
D:3:      layout_basic, mainiacjoe_overflow_tiny_flanked, zin_scriptorium,
          kennysheep_generic_room_3, uniq_terence
D:4:      layout_layer_cave, uniq_natasha, uniq_sigmund
D:5:      layout_loops_corners, tso_metal_star, okawaru_gym_becter,
          minmay_temple_entry_gardened_gates, uniq_prince_ribbit1, uniq_pikel,
          uniq_crazy_yiuf_cottage
D:6:      layout_basic, lemuel_doored_altar

Skill      XL: |  1  2  3  4  5  6  7  8 |
---------------+-------------------------+-----
Spellcasting   | 1 2 3 4 5 |  5.9
Fighting       | 2 3 4 6 |  6.2
Unarmed Combat | 1 2 3 4 5 |  5.7
Dodging        | |  2.3
Stealth        | |  1.3
Evocations     | |  3.2

Action                   |  1- 3 |  4- 6 |  7- 9 || total
-------------------------+-------+-------+-------++-------
Melee: Unarmed           |    88 |    54 |    36 ||   178
       Tentacles         |    19 |    12 |     6 ||    37
       Constrict         |    27 |    15 |     9 ||    51
       Punch             |     2 |       |     1 ||     3
Evoke: Wand              |       |    19 |    27 ||    46
  Use: Potion            |       |       |     7 ||     7
 Stab: Sleeping          |     8 |     5 |     1 ||    14
Armor: Skin              |    12 |     2 |     1 ||    15
Dodge: Dodged            |    48 |    32 |    29 ||   109
